 Dungeon Crawl Stone Soup version 0.28.0-49-g6dfe1f597d (webtiles) character file.

Game seed: 14538286770395679307

98 CryoSword the Conjurer (level 4, -12/33 HPs)
             Began as a Draconian Conjurer on May 20, 2022.
             Mangled by Crazy Yiuf
             ... wielding a +3 quarterstaff of chaos
              (14 damage)
             ... on level 1 of the Dungeon.
             The game lasted 00:05:01 (2863 turns).

CryoSword the Conjurer (Draconian Conjurer)         Turns: 2863, Time: 00:05:02

Health: -12/33     AC:  5    Str: 10    XL:     4   Next: 43%
Magic:  0/7        EV: 12    Int: 20    God:
Gold:   72         SH:  0    Dex:  9    Spells: 4/7 levels left

rFire   . . .      SeeInvis .   k - +0 short sword
rCold   . . .      Faith    .   (no shield)
rNeg    . . .      Spirit   .   (armour unavailable)
rPois   .          Reflect  .   (helmet restricted)
rElec   .          Harm     .   (no cloak)
rCorr   .          Rampage  .   (no gloves)
Will    .....                   (no boots)
Stlth   ++........              (no amulet)
HPRegen 0.11/turn               (no ring)
MPRegen 0.10/turn               (no ring)

@: about to teleport
A: AC +5, unfitting armour, cold-blooded
a: no special abilities


You were on level 1 of the Dungeon.
You visited 1 branch of the dungeon, and saw 2 of its levels.

You collected 72 gold pieces.

Inventory:

Hand Weapons
 k - a +0 short sword (weapon)
   (You found it on level 2 of the Dungeon)
Scrolls
 d - a scroll of fear {unknown}
 h - a scroll of magic mapping {unknown}
 i - a scroll of teleportation {@r4}
Potions
 c - a potion of magic {unknown}
 e - a potion of invisibility {unknown}
 f - a potion of cancellation
 g - a potion of curing {@q1}
 j - a potion of berserk rage {unknown}


   Skills:
 - Level 2.0 Dodging
 - Level 1.7 Stealth
 - Level 2.0 Spellcasting
 * Level 5.6 Conjurations
 + Level 1.3 Translocations


You had 4 spell levels left.
You knew the following spells:

 Your Spells              Type           Power      Damage    Failure   Level
a - Magic Dart            Conj           96%        1d7       1%          1
b - Searing Ray           Conj           48%        2d6       2%          2

Your spell library contained the following spells:

 Spells                   Type           Power      Damage    Failure   Level
 Dazzling Flash           Conj/Hex       26%        N/A       16%         3
 Iskenderun's Mystic Bla  Conj/Tloc      15%        2d5       36%         4
 Fulminant Prism          Conj/Hex       6%         3d7       45%         4


Dungeon Overview and Level Annotations

Branches:
Dungeon (2/15)

Altars:
Elyvilon

Shops:
D:1 (

Annotations:
D:1 Crazy Yiuf


Innate Abilities, Weirdness & Mutations

Your plain brown scales are hard. (AC +5)
You cannot fit into any form of body armour.
You are cold-blooded and may be slowed by cold attacks.


Message History

The gnoll closely misses you.
You see here a +0 spear.
The gnoll hits you with a +0 flail.
You see here 17 stones.
There is a stone staircase leading up here.
You climb upwards.
There is a stone staircase leading down here.
You start resting.
There is a stone staircase leading down here.
You climb downwards.
There is a stone staircase leading up here.
A giant cockroach comes into view.
A giant cockroach is nearby!
A giant cockroach is nearby!
Aim: a giant cockroach (wandering, hasn't noticed you, 78% to hit)
The searing ray hits the giant cockroach.
You kill the giant cockroach! (Press . to maintain the ray.)
Found a club.
You enter the shallow water.
Moving in this stuff is going to be slow.
Found a short sword.
You enter the shallow water.
Moving in this stuff is going to be slow.
You enter the shallow water.
Moving in this stuff is going to be slow.
Found a ring mail.
A gnoll and a rat come into view.
The gnoll shouts!
You hear a shout!
A gnoll comes into view. It is wielding a +0 whip.
An endoplasm comes into view.
There are monsters nearby!
There are monsters nearby!
That beam is likely to hit you.
Continue anyway?
Okay, then.
Unknown command.
Aim: a rat (wandering, hasn't noticed you, 100% to hit)
The magic dart hits the rat!
You kill the rat!
Aim: a gnoll, wielding a +0 flail (100% to hit)
The magic dart hits the gnoll.
Aim: an endoplasm (100% to hit)
The magic dart hits the endoplasm.
Aim: a gnoll, wielding a +0 whip (81% to hit)
The searing ray hits the gnoll.
The searing ray hits the gnoll! (Press . to maintain the ray.)
The searing ray hits the gnoll!
You kill the gnoll!
The searing ray hits the gnoll.
You kill the gnoll!
Your Translocations skill increases to level 1!
You have reached level 4!
You feel stronger.
Without enough magic to sustain it, your searing ray dissipates.
You don't have enough magic to cast this spell.
Unknown command.
You don't have enough magic to cast this spell.
You hit the endoplasm but do no damage.
The endoplasm hits you but does no damage.
You hit the endoplasm.
You kill the endoplasm!
You start resting.
You see here a +0 short sword.
k - a +0 short sword
k - a +0 short sword (weapon)
You drop a +0 dagger.
As you read the scroll labelled WEPYPU KICOQAL, it crumbles to dust.
It is a scroll of identify.
i - 2 scrolls of teleportation
As you read the scroll of identify {@r1}, it crumbles to dust.
g - a potion of curing
As you read the scroll of identify {@r1}, it crumbles to dust.
f - a potion of cancellation You see here a +0 flail.
Things that are here:
a +0 whip; a gnoll corpse A ball python comes into view.
Aim: a ball python (wandering, hasn't noticed you, 77% to hit)
The searing ray hits the ball python.
You kill the ball python! (Press . to maintain the ray.)
You see here a ball python corpse.
A quokka comes into view.
A quokka is nearby!
A quokka is nearby!
Aim: a quokka (71% to hit)
The searing ray hits the quokka.
You kill the quokka! (Press . to maintain the ray.) Could not explore, unopened door.
Could not explore, unopened door.
You open the door.
Found 22 stones.
You see here 22 stones.
Found a mace.
Found a runed translucent door.
Crazy Yiuf shouts!
A gnoll comes into view. It is wielding a +0 whip.
The gnoll shouts!
Aim: a gnoll, wielding a +0 whip (82% to hit)
The searing ray misses the gnoll. (Press . to maintain the ray.)
The searing ray hits the gnoll!
The searing ray hits the gnoll.
You kill the gnoll!
You now have 72 gold pieces (gained 13).
You see here a +0 whip.
Found an escape hatch in the floor.
You enter the shallow water.
Moving in this stuff is going to be slow.
Found a stone staircase leading down.
Could not explore, unopened door.
Could not explore, unopened door.
Could not explore, unopened door.
You open the door.
There is an open door here.
You enter the shallow water.
Moving in this stuff is going to be slow.
You see here 18 stones.
Could not explore, unopened runed door.
Could not explore, unopened runed door.
You open the door.
Crazy Yiuf shouts!
Crazy Yiuf grits, "Cards illywillydillykilly unthinkable!"
Crazy Yiuf grits, "Iron!
Island snail hog."
Crazy Yiuf screams, "Spliff pizzabubble infinity!"
Crazy Yiuf sings, "Trees, trees, trees, circus!"
You see here 17 stones.
Crazy Yiuf twirls on the spot.
There is a stone staircase leading up here.
Crazy Yiuf closely misses you.
You climb upwards.
There is a stone staircase leading down here.
There is an open door here.
Crazy Yiuf says, "Ghoul ladder song!"
Crazy Yiuf says, "Lay meccalolo sow!"
Aim: Crazy Yiuf, wielding a +3 quarterstaff of chaos and wearing a +2 cloak (82% to hit)
The searing ray hits Crazy Yiuf. (Press . to maintain the ray.) Crazy Yiuf hits you with a +3 quarterstaff of chaos!
You feel your power leaking away.
The searing ray hits Crazy Yiuf.
Crazy Yiuf barely misses you.
As you read the scroll of teleportation {@r4}, it crumbles to dust.
You feel strangely unstable.
Crazy Yiuf hits you with a +3 quarterstaff of chaos!
* * * LOW HITPOINT WARNING * * *
You hit Crazy Yiuf but do no damage. You punch Crazy Yiuf.
Crazy Yiuf hits you with a +3 quarterstaff of chaos!
* * * LOW HITPOINT WARNING * * *
You are electrocuted!
You die...

#.# #.# #####.##### #.# #.#
#.........# # ###.## #.##
###.###.###.# # ##...## #..####
#...# #.###.### #.....# #.....#
#.#.# #.......♣ ......#
#.#.#'###.#.# #####.##♣
###.#.#####.#.#.....#.#######.#
♣ #
#.#..>....#.#######.#.......♣ ♣
#
#.#######.'..g@#....'.###.♣♣♣♣♣
#.# ###.#####'#.### #.P.♣P≈ #.#
#.#.....#.# #..≈≈≈≈ #.#
###'#.....#'### ##PPP.♣ #.#
#...#..><.#...# ♣♣♣♣♣
##.#######.###.....#+#.#####♣##♣
#..........#.+.....#.#..(.....♣♣
#..####.####.#'###'#.##.######.♣
#..## #.##......#.......# #.♣


You could see Crazy Yiuf.

Vanquished Creatures
  4 gnolls (D:2)
  An adder (D:2)
  2 dart slugs (D:1)
  2 bats
  6 endoplasms
  2 giant cockroaches
  6 goblins
  4 hobgoblins
  3 quokkas
  9 ball pythons
  4 kobolds
  4 rats
47 creatures vanquished.

Notes
Turn   | Place    | Note
-------+----------+-------------------------------------------
     0 | D:1      | CryoSword the Draconian Conjurer began the quest for the
                  | Orb.
     0 | D:1      | Reached XP level 1. HP: 14/14 MP: 3/3
   220 | D:1      | Reached XP level 2. HP: 20/20 MP: 0/5
   283 | D:1      | Learned a level 2 spell: Searing Ray
   627 | D:1      | Found Voxifuj's Antique Weapon Shoppe.
   969 | D:1      | Reached XP level 3. HP: 26/26 MP: 2/6
  1147 | D:1      | Reached skill level 5 in Conjurations
  1559 | D:2      | Found a white marble altar of Elyvilon.
  2265 | D:2      | Reached skill level 1 in Translocations
  2265 | D:2      | Reached XP level 4. HP: 33/33 MP: 0/7
  2538 | D:2      | Found a runed translucent door.
  2539 | D:2      | Noticed Crazy Yiuf
  2863 | D:1      | Mangled by Crazy Yiuf

Illustrated notes

Levels and vault maps discovered:
D:1:      shiori_arrival_maze, layout_loops_corners, serial_shops, shop_statue,
          minmay_misc_feat_roman, serial_bayou_crossing
D:2:      layout_basic, basic_altar, serial_rivers,
          chequers_serial_rivers_room_a, chequers_serial_rivers_small_b,
          chequers_serial_rivers_micro_b, chequers_serial_rivers_small_b,
          uniq_crazy_yiuf_cottage

Skill      XL: |  1  2  3 |
---------------+----------+-----
Dodging        | 2 |  2.0
Conjurations   | 5 |  5.6
Translocations | 1 |  1.3
Stealth        | |  1.7
Spellcasting   | |  2.0

Action                   |  1- 3 |  4- 6 || total
-------------------------+-------+-------++-------
Melee: Dagger            |       |     2 ||     2
       Short sword       |       |     1 ||     1
       Punch             |       |     1 ||     1
 Cast: Magic Dart        |    71 |       ||    71
       Searing Ray       |     8 |     4 ||    12
  Use: Scroll            |       |     4 ||     4
Armor: Skin              |       |     1 ||     1
Dodge: Dodged            |     5 |     2 ||     7
